 Dungeon Crawl Stone Soup version 0.29.1-1-gd02db6906a (webtiles) character file.

Game seed: 5447494184149673810

5 fireball365 the Sneak (level 1, 0/20 HPs)
             Began as a Minotaur Delver on Oct 20, 2022.
             Slain by a black bear (1 damage)
             ... on level 5 of the Dungeon.
             The game lasted 00:00:17 (89 turns).

fireball365 the Sneak (Minotaur Delver)               Turns: 89, Time: 00:00:18

Health: 0/20       AC:  3    Str: 16    XL:     1   Next: 66%
Magic:  0/0        EV: 11    Int:  7    God:
Gold:   0          SH:  0    Dex: 11    Spells: 0/0 levels left

rFire   . . .      SeeInvis .   a - +0 hand axe
rCold   . . .      Faith    .   (no shield)
rNeg    . . .      Spirit   .   b - +0 leather armour
rPois   .          Reflect  .   (helmet restricted)
rElec   .          Harm     .   (no cloak)
rCorr   .          Rampage  .   (no gloves)
Will    .....                   (no boots)
Stlth   ++........              (no amulet)
HPRegen 0.06/turn               (no ring)
MPRegen 0.07/turn               (no ring)

@: no status effects
A: horns 2, retaliatory headbutt
a: no special abilities


You were on level 5 of the Dungeon.
You visited 1 branch of the dungeon, and saw 1 of its levels.

Inventory:

Hand Weapons
 a - a +0 hand axe (weapon)
Armour
 b - a +0 leather armour (worn)
Wands
 g - a wand of digging (3)
Scrolls
 c - a scroll of fog
 d - a scroll of magic mapping
 e - a scroll of fear
Potions
 f - a potion of haste
 h - a potion of ambrosia {unknown}
 i - a potion of mutation {unknown}


   Skills:
 + Level 3.6 Fighting
 + Level 2.4 Axes
 + Level 2.2 Dodging
 + Level 4.3 Stealth


You couldn't memorise any spells.
You didn't know any spells.
Your spell library was empty.

Dungeon Overview and Level Annotations

Branches:
Dungeon (5/15)
 Temple: D:4-7

Altars:
Elyvilon


Innate Abilities, Weirdness & Mutations

You have a pair of horns on your head.
You reflexively headbutt those who attack you in melee.


Message History

You kill the jackal!
You hit the jackal but do no damage.
The jackal is moderately wounded.
The jackal closely misses you. The jackal bites you.
You hit the jackal.
You kill the jackal!
Found a stone staircase leading up.
The jackal barks!
You barely miss the jackal. Your headbutt misses the jackal.
The jackal closely misses you.
You barely miss the jackal.
The jackal bites you but does no damage.
The jackal barely misses you.
You hit the jackal. Your headbutt misses the jackal.
The jackal is heavily wounded.
The jackal bites you. The jackal barely misses you. You furiously retaliate!
You headbutt the jackal!
You kill the jackal!
You see here a jackal corpse.
A black bear comes into view.
The black bear misses you. You furiously retaliate!
You headbutt the black bear! The black bear closely misses you. x2
The black bear barely misses you. You furiously retaliate!
You headbutt the black bear. The black bear claws you. x2
* * * LOW HITPOINT WARNING * * *
The black bear barely misses you. The black bear claws you.
* * * LOW HITPOINT WARNING * * *
The black bear claws you.
* * * LOW HITPOINT WARNING * * *
The black bear barely misses you. The black bear claws you.
* * * LOW HITPOINT WARNING * * *
The black bear barely misses you. The black bear barely misses you.
The black bear claws you but does no damage.
The black bear claws you.
* * * LOW HITPOINT WARNING * * *
The black bear bites you but does no damage.
The black bear completely misses you. The black bear barely misses you.
The black bear bites you.
You die...

..... #...##+# ##
#######...##.#####..
<...................
....................
....................
....................
.........h..........
.........@..........
..####+#####..####..
####..####..####..
#.....#...........
#..>..#...........
#.................
#......#.....#....
#.................
#......#.⌠.⌠.#....


You could see a black bear.

Vanquished Creatures
  4 jackals (D:5)
4 creatures vanquished.

Notes
Turn   | Place    | Note
-------+----------+-------------------------------------------
     0 | D:5      | fireball365 the Minotaur Delver began the quest for the
                  | Orb.
     0 | D:5      | Reached XP level 1. HP: 19/19 MP: 0/0
     0 | D:5      | Found a white marble altar of Elyvilon.
    76 | D:5      | Noticed a black bear
    87 | D:5      | HP: 1/20 [black bear (2)]
    89 | D:5      | Slain by a black bear

Illustrated notes

Levels and vault maps discovered:
D:5:      minmay_thick_lines, layout_gridville, elyvilon_altar_5

Action                   || total
-------------------------++-------
Melee: Hand axe          ||     8
       Punch             ||     1
Armor: Leather armour    ||     4
Dodge: Dodged            ||    17
